 Dungeon Crawl Stone Soup version 0.31-a0-233-g139696dc86 (webtiles) character file.

Game seed: 4654323793496343565

314 qw the Shooter (level 6, -3/37 HPs)
             Began as a Gargoyle Hexslinger on July 8, 2023.
             Slain by an ogre
             ... wielding a +0 giant spiked club
              (11 damage)
             ... on level 4 of the Dungeon.
             The game lasted 00:00:44 (2293 turns).

qw the Shooter (Gargoyle Hexslinger)                Turns: 2293, Time: 00:00:45

Health: -3/37      AC: 11    Str: 11    XL:     6   Next: 43%
Magic:  7/7        EV: 11    Int: 14    God:
Gold:   18         SH:  0    Dex: 14    Spells: 6/7 levels left

rFire   . . .        Y - +1 sling
rCold   . . .        (no shield)
rNeg    + + +        h - +0 leather armour of Fun {rN+ Will+}
rPois   inf          c - +2 helmet
rElec   +            (no cloak)
rCorr   .            e - +0 pair of gloves
SInv    .            (no boots)
Will    +....        f - amulet of faith
Stlth   +            i - ring of positive energy
HPRegen 0.26/turn    (no ring)
MPRegen 0.10/turn

%: faith
@: about to teleport
A: sickness immunity, AC +4, negative energy resistance 1, electricity
resistance, torment resistance 1, petrification resistance
a: no special abilities


You were on level 4 of the Dungeon.
You visited 1 branch of the dungeon, and saw 4 of its levels.

You collected 148 gold pieces.
You spent 130 gold pieces at shops.


Innate Abilities, Weirdness & Mutations

You are immune to sickness and miasma.
Your stone body is resilient. (AC +4)
You are immune to poison.
You resist negative energy. (rN+)
You are resistant to electric shocks. (rElec)
You are resistant to unholy torment.
You are immune to petrification.


   Skills:
 - Level 3.0 Fighting
 + Level 5.9 Ranged Weapons
 - Level 1.0 Armour
 - Level 1.5 Dodging
 - Level 1.0 Spellcasting
 - Level 2.6 Hexes


You had 6 spell levels left.
You knew the following spells:

 Your Spells              Type           Power      Damage    Failure   Level
a - Slow                  Hex            32%        N/A       12%         1

Your spell library contained the following spells:

 Spells                   Type           Power      Damage    Failure   Level
 Inner Flame              Hex/Fire       4%         N/A       52%         3
 Portal Projectile        Hex/Tloc       8%         N/A       52%         3
 Cause Fear               Hex            4%         N/A       75%         4

Inventory:

Hand Weapons
 Y - a +1 sling (weapon)
Armour
 a - a +0 ring mail
 c - a +2 helmet (worn)
 e - a +0 pair of gloves (worn)
 h - the +0 leather armour of Fun (worn) {rN+ Will+}
   (You found it on level 2 of the Dungeon)

   rN:        It protects you from negative energy.
   Will:      It increases your willpower.
Jewellery
 f - an amulet of faith (around neck)
 i - a ring of positive energy (left hand)
Scrolls
 g - a scroll of teleportation
 k - a scroll of identify
Potions
 b - a potion of lignification {unknown}
 d - a potion of degeneration {unknown}
 j - a potion of resistance
 l - a potion of brilliance {unknown}

Dungeon Overview and Level Annotations

Branches:
Dungeon (4/15)
 Temple: D:4-7

Altars:
Cheibriados
Kikubaaqudgha
Nemelex Xobeh

Shops:
D:4 *


Message History

The ogre is lightly wounded.
You shoot a sling bullet. The sling bullet hits the ogre.
The ogre is moderately wounded.
The ogre misses you.
You shoot a sling bullet.
The sling bullet barely misses the ogre.
The ogre closely misses you.
You shoot a sling bullet.
The sling bullet hits the ogre but does no damage.
The ogre is moderately wounded.
You shoot a sling bullet.
The sling bullet barely misses the ogre.
The ogre hits you with a +0 giant spiked club.
You shoot a sling bullet.
The sling bullet barely misses the ogre.
The ogre hits you with a +0 giant spiked club!
You shoot a sling bullet.
The sling bullet barely misses the ogre.
The ogre hits you with a +0 giant spiked club!
You shoot a sling bullet. The sling bullet hits the ogre.
The ogre is moderately wounded.
You shoot a sling bullet. The sling bullet hits the ogre.
The ogre is heavily wounded.
The ogre misses you.
You shoot a sling bullet. The sling bullet hits the ogre.
The ogre is heavily wounded.
The ogre barely misses you.
You shoot a sling bullet.
The sling bullet completely misses the ogre.
The ogre barely misses you.
You shoot a sling bullet. The sling bullet hits the ogre.
The ogre is severely wounded.
You shoot a sling bullet.
The sling bullet closely misses the ogre.
The ogre hits you with a +0 giant spiked club!
2293 ||| READING 2 scrolls of teleportation.
As you read the scroll of teleportation, it crumbles to dust.
You feel strangely unstable.
The ogre hits you with a +0 giant spiked club!
You die...

#..#.....#...# #.#
...##...###.######.#
#...........##.....#
#......#######.#####
#.####.# #.#
.......# #.#
#####... #.# # .
###.### ###....
#....@# .......
#.###O># ....... +.
#...# ##..... #
#..## # ..... >.## #
#... .## #.. . #+ #.


You could see an ogre.

Vanquished Creatures
  Sigmund (D:2)
  2 hounds (D:4)
  Jessica (D:2)
  3 adders
  A worm (D:2)
  A dart slug (D:3)
  2 endoplasms
  A giant cockroach (D:1)
  6 goblins
  4 jackals (D:4)
  2 quokkas
  5 ball pythons
  3 bats
  4 frilled lizards
  3 kobolds
  5 rats
44 creatures vanquished.

Notes
Turn   | Place    | Note
-------+----------+-------------------------------------------
     0 | D:1      | qw the Gargoyle Hexslinger began the quest for the Orb.
     0 | D:1      | Reached XP level 1. HP: 12/12 MP: 2/2
     0 | D:1      | 0 ||| qw: Version: 0.3-a-46-gb1f654a
     0 | D:1      | 0 ||| qw: Game counter: 3750
     0 | D:1      | 0 ||| qw: Melee chars always use a shield: true
     0 | D:1      | 0 ||| qw: God list: Okawaru
     0 | D:1      | 0 ||| qw: Allow faded altars: false
     0 | D:1      | 0 ||| qw: Do Orc after clearing Dungeon:15 true
     0 | D:1      | 0 ||| qw: Do second Lair branch before Depths: true
     0 | D:1      | 0 ||| qw: Lair rune preference: random
     0 | D:1      | 0 ||| qw: Goals: Normal
     0 | D:1      | 0 ||| PLANNING D:1-11
   166 | D:1      | Reached XP level 2. HP: 16/16 MP: 3/3
   375 | D:1      | Reached skill level 3 in Ranged Weapons
   464 | D:1      | 464 ||| UPGRADING to +0 pair of gloves.
   469 | D:1      | 469 ||| UPGRADING to +0 leather armour.
   479 | D:1      | 479 ||| DROPPING +0 robe.
   480 | D:1      | 480 ||| UPGRADING to amulet of faith.
   485 | D:1      | 485 ||| READING scroll labelled BOBOKHL PO ACHA.
   486 | D:1      | 486 ||| READING scroll labelled DETEYKHLY QIUM.
   489 | D:1      | 489 ||| READING scroll labelled ROAHAOSIE GODO.
   490 | D:1      | 490 ||| DROPPING scroll of poison.
   519 | D:2      | Noticed Jessica
   522 | D:2      | 522 ||| FLEEEEING.
   523 | D:2      | 523 ||| FLEEEEING.
   524 | D:2      | 524 ||| FLEEEEING.
   529 | D:2      | Killed Jessica
   530 | D:2      | Reached XP level 3. HP: 22/22 MP: 4/4
   696 | D:2      | Found a sparkling altar of Nemelex Xobeh.
   745 | D:2      | HP: 5/22 [worm (3)]
   756 | D:2      | Reached XP level 4. HP: 10/27 MP: 5/5
   911 | D:2      | Identified the +0 leather armour of Fun {rN+ Will+}
   986 | D:2      | Noticed Sigmund
   994 | D:2      | HP: 6/27 [Sigmund/puff of flame (9)]
   996 | D:2      | Killed Sigmund
   997 | D:2      | Reached skill level 5 in Ranged Weapons
   997 | D:2      | Reached XP level 5. HP: 8/31 MP: 6/6
  1294 | D:2      | 1294 ||| UPGRADING to +0 ring mail.
  1304 | D:2      | 1304 ||| UPGRADING to +2 helmet.
  1309 | D:2      | 1309 ||| DROPPING +0 leather armour.
  1310 | D:2      | 1310 ||| UPGRADING to +0 leather armour of Fun {rN+ Will+}.
  1320 | D:2      | 1320 ||| READING scroll labelled DOUSISETOI.
  1341 | D:3      | Reached XP level 6. HP: 36/36 MP: 7/7
  1355 | D:3      | Reached skill level 3 in Fighting
  1360 | D:3      | Found a snail-covered altar of Cheibriados.
  1373 | D:3      | Found a faded altar of an unknown god.
  1632 | D:3      | Found an ancient bone altar of Kikubaaqudgha.
  1988 | D:3      | 1988 ||| UPGRADING to ring of positive energy.
  1989 | D:3      | 1989 ||| READING scroll labelled QOONERRET OMPI.
  2047 | D:4      | Found Rafih's Retail Resort.
  2055 | D:4      | Reached skill level 1 in Armour
  2067 | D:4      | 2067 ||| SHOPLISTING amulet of reflection (390 gold, have
                  | 148).
  2067 | D:4      | 2067 ||| SHOPLISTING amulet of regeneration (390 gold, have
                  | 148).
  2067 | D:4      | 2067 ||| BUYING potion of resistance (130 gold).
  2067 | D:4      | Bought a potion of resistance for 130 gold pieces
  2067 | D:4      | 2067 ||| SHOPLISTING ring of resist corrosion (260 gold,
                  | have 18).
  2292 | D:4      | HP: 8/37 [ogre/+0 giant spiked club (8)]
  2293 | D:4      | 2293 ||| READING 2 scrolls of teleportation.
  2293 | D:4      | Slain by an ogre

Levels and vault maps discovered:
D:1:      matt_arrival_los_fun, layout_rooms, minmay_misc_feat_iff,
          minmay_misc_feat_roman
D:2:      layout_basic, basic_altar, uniq_jessica, uniq_sigmund
D:3:      layout_basic, mainiacjoe_overflow_tiny_flanked,
          kennysheep_slug_shrine, dreamdust_ecumenical_altar_angels_and_demons,
          amcnicky_mini_rare_corridor_liquid, hangedman_decor_growths
D:4:      layout_loops_corners, mainiacjoe_overflow_brackets,
          grunt_ministairs_6, nicolae_alphabet_shops

Skill      XL: |  1  2  3  4  5  6 |
---------------+-------------------+-----
Ranged Weapons | 3 5 |  5.9
Fighting       | 2 3 |  3.0
Armour         | 1 |  1.0
Dodging        | |  1.5
Spellcasting   | |  1.0
Hexes          | |  2.6

Action                     |  1- 3 |  4- 6 || total
---------------------------+-------+-------++-------
   Fire: Sling             |    73 |    90 ||   163
    Use: Scroll            |     3 |     3 ||     6
 Armour: Robe              |     2 |       ||     2
         Leather armour    |     2 |    14 ||    16
  Dodge: Dodged            |    18 |    31 ||    49

Table legend:
 A = Non-vault XP
 B = Vault XP
 C = Vault XP percentage of total XP
 D = Non-vault monster count
 E = Vault monster count
 F = Vault count percentage of total count
                 A         B        C        D         E       F
            +---------+---------+-------+---------+---------+-------
      Total |     182 |     267 |  59.5 |      41 |       3 |   6.8
            +---------+---------+-------+---------+---------+-------
        D:1 |      20 |       0 |   0.0 |      14 |       0 |   0.0
        D:2 |      34 |     263 |  88.6 |      12 |       2 |  14.3
        D:3 |      38 |       4 |   9.5 |       9 |       1 |  10.0
        D:4 |      90 |       0 |   0.0 |       6 |       0 |   0.0
            +---------+---------+-------+---------+---------+-------
